 Dungeon Crawl Stone Soup version 0.29-a0-866-g0545e20025 (webtiles) character file.

Game seed: 12969485833334787181

896 Malachi the Grappler (level 7, 0/66 HPs)
             Began as a Troll Monk on July 17, 2022.
             Was an Initiate of Ru.
             Slain by a hornet (14 damage)
             ... on level 6 of the Dungeon.
             The game lasted 00:04:19 (4241 turns).

Malachi the Grappler (Troll Monk)                   Turns: 4241, Time: 00:04:20

Health: 0/66       AC:  4    Str: 22    XL:     7   Next: 79%
Magic:  6/6        EV: 10    Int:  6    God:    Ru [......]
Gold:   1114       SH:  0    Dex: 12    Spells: 6/6 levels left

rFire   . . .      SeeInvis +     - Unarmed
rCold   . . .      Faith    .   (no shield)
rNeg    . . .      Spirit   .   a - +0 robe
rPois   .          Reflect  .   (helmet restricted)
rElec   .          Harm     .   (no cloak)
rCorr   .          Rampage  .   (gloves unavailable)
Will    .....                   (boots unavailable)
Stlth   ++........              (no amulet)
HPRegen 1.01/turn               A - ring of see invisible
MPRegen 0.10/turn               y - +4 ring of slaying

@: lethally poisoned (0 -> -1), slowed, very slow
A: large, unfitting armour, claws 3, regeneration 1, shaggy fur 1, tough skin 1
a: Renounce Religion


You were on level 6 of the Dungeon.
You worshipped Ru.
Ru was noncommittal.
You visited 2 branches of the dungeon, and saw 7 of its levels.

You collected 1114 gold pieces.

Inventory:

Missiles
 k - 28 poisoned darts (quivered)
Armour
 a - a +0 robe (worn)
 f - an orb of wrath
Jewellery
 r - a ring of resist corrosion
 y - a +4 ring of slaying (right claw)
 A - a ring of see invisible (left claw)
 C - a ring of magical power
Scrolls
 h - a scroll of enchant armour
 i - a scroll of vulnerability
 j - a scroll of amnesia
 p - a scroll of immolation
 q - a scroll of fog
 t - a scroll of magic mapping
 v - a scroll of teleportation {unknown}
 w - a scroll of fear {unknown}
 z - a scroll of brand weapon {unknown}
 D - a scroll of enchant weapon {unknown}
 F - a scroll of noise {unknown}
Potions
 b - a potion of ambrosia
 d - 5 potions of mutation {unknown}
 e - 3 potions of curing {unknown}
 g - a potion of flight {unknown}
 l - 2 potions of cancellation {unknown}
 n - a potion of degeneration {unknown}
 o - a potion of haste {unknown}
 s - a potion of invisibility {unknown}
 u - 2 potions of lignification {unknown}
 x - a potion of might {unknown}
 B - a potion of resistance {unknown}
 E - a potion of brilliance {unknown}


   Skills:
 - Level 2.4 Fighting
 - Level 2.4 Dodging
 - Level 1.0 Stealth
 * Level 9.4 Unarmed Combat


You had 6 spell levels left.
You didn't know any spells.
Your spell library contained the following spells:

 Spells                   Type           Power      Damage    Failure   Level
 Foxfire                  Conj/Fire      0%         2x1d4     45%         1
 Blink                    Tloc           0%         N/A       58%         2
 Conjure Flame            Conj/Fire      0%         6-21      83%         3
 Inner Flame              Hex/Fire       0%         N/A       83%         3
 Lesser Beckoning         Tloc           0%         N/A       83%         3
 Flame Wave               Conj/Fire      0%         2d4       99%         4
 Manifold Assault         Tloc           0%         N/A       100%        5


Dungeon Overview and Level Annotations

Branches:
Dungeon (6/15)             Temple (1/1) D:5

Altars:
Ashenzari
Elyvilon
Gozag
Hepliaklqana
Makhleb
Nemelex Xobeh
Okawaru
Ru
Sif Muna
Uskayaw
Wu Jian
Yredelemnul
Zin
The Shining One

Shops:
D:4 :


Innate Abilities, Weirdness & Mutations

You are too large for most types of armour.
You have claws for hands.
Your natural rate of healing is unusually fast.
You are covered in fur. (AC +1)
You have tough skin. (AC +1)


Message History

Found two altars.
Found a plate armour.
k - 28 poisoned darts (gained 2)
You open the door.
Found 8 stones.
Found a stone staircase leading down.
A hornet comes into view.
There is an open door here.
The hornet buzzes angrily.
There is an open door here.
You completely miss the hornet. The hornet stings you.
You suddenly lose the ability to move!
The hornet stings you.
You are poisoned.
You feel yourself slow down. The hornet stings you!
You feel as though you will be slow longer.
You can move again.
You closely miss the hornet. Your claw misses the hornet.
You feel very sick. The hornet stings you!
You feel as though you will be slow longer.
The hornet closely misses you.
Unknown command.
You are too injured to fight recklessly!
Unknown command.
You are too injured to fight recklessly!
You are too injured to fight recklessly!
Unknown command.
You mangle the hornet!!
The hornet is severely wounded.
You feel sick. The hornet barely misses you.
You scratch the hornet but do no damage.
The hornet is severely wounded.
You feel sick. The hornet barely misses you. The hornet stings you!
* * * LOW HITPOINT WARNING * * *
You feel as though you will be slow longer.
Unknown command.
You miss the hornet.
The hornet is severely wounded.
You feel sick. The hornet stings you!
You die...

#. #.# #. ##.# #.. ##..#
###..# #...# ...>..#
##.## ##.....## ##.##
#.......## ##...##
.........####.###.##
.....b...y@..##....##
.........##.###.###.####
#.......###.# #. #....#
##....(####.###.###.##.#
##...# #...........[..#
##+# #.≈.≈≈≈.≈≈≈.≈..#
#.≈...≈.≈...≈..#
##.≈≈≈.≈.≈.≈≈≈..#
.....≈.≈.≈.≈....#


You could see a hornet.

Vanquished Creatures
  Menkaure (D:4)
  A black bear (D:5)
  2 ogres
  A phantom (D:5)
  A scorpion (D:5)
  A jelly (D:3)
  A hound (D:2)
  2 orc priests
  Jessica (D:3)
  An iguana (D:5)
  13 adders
  2 worms (D:3)
  5 dart slugs
  10 orcs
  7 ball pythons
  4 bats
  2 endoplasms
  5 giant cockroaches
  3 goblins
  10 hobgoblins
  3 jackals (D:4)
  7 kobolds
  6 quokkas
  3 frilled lizards
  3 rats
95 creatures vanquished.

Notes
Turn   | Place    | Note
-------+----------+-------------------------------------------
     0 | D:1      | Malachi the Troll Monk began the quest for the Orb.
     0 | D:1      | Reached XP level 1. HP: 22/22 MP: 0/0
   143 | D:1      | Reached XP level 2. HP: 27/29 MP: 1/1
   423 | D:1      | Reached skill level 4 in Unarmed Combat
   815 | D:2      | Reached XP level 3. HP: 34/36 MP: 2/2
  1478 | D:2      | Reached skill level 5 in Unarmed Combat
  1478 | D:2      | Reached XP level 4. HP: 44/44 MP: 3/3
  1820 | D:3      | Noticed Jessica
  1823 | D:3      | Killed Jessica
  1860 | D:3      | Reached XP level 5. HP: 47/50 MP: 4/4
  1918 | D:3      | Reached skill level 6 in Unarmed Combat
  2078 | D:3      | Reached XP level 6. HP: 59/59 MP: 5/5
  2431 | D:4      | Found a hazy altar of Hepliaklqana.
  2567 | D:4      | Noticed Menkaure
  2573 | D:4      | Killed Menkaure
  2574 | D:4      | Reached skill level 7 in Unarmed Combat
  2653 | D:4      | Reached skill level 8 in Unarmed Combat
  2779 | D:4      | Found Ahuoth's Book Shop.
  2901 | D:4      | Reached XP level 7. HP: 66/66 MP: 6/6
  3232 | D:5      | Entered Level 5 of the Dungeon
  3442 | D:5      | Found a staircase to the Ecumenical Temple.
  3483 | Temple   | Entered the Ecumenical Temple
  3546 | Temple   | Became a worshipper of Ru the Awakened
  3597 | D:5      | Reached skill level 9 in Unarmed Combat
  3905 | D:5      | Found a white marble altar of Elyvilon.
  4137 | D:5      | Identified a scroll of acquirement
  4141 | D:5      | Acquired 822 gold pieces
  4190 | D:6      | Found a shimmering blue altar of Sif Muna.
  4190 | D:6      | Found an ornate altar of the Wu Jian Council.
  4230 | D:6      | Noticed a hornet
  4236 | D:6      | Paralysed by a hornet for 1 turns
  4241 | D:6      | Slain by a hornet

Illustrated notes

Levels and vault maps discovered:
D:1:      ncdulo_watergridlock, layout_basic, minmay_misc_feat_more_columns,
          kennysheep_decorative_pillar, dk_noncrumbling_2
D:2:      layout_basic, minmay_tetromino_l2
D:3:      layout_loops_ring, minmay_pentangle, uniq_jessica
D:4:      layout_basic, old_standard_altar, serial_shops, nicolae_square_shop,
          uniq_menkaure
D:5:      layout_cave_pods, old_standard_altar, temple_fountains,
          serial_bayou_lake_a
D:6:      layout_loops_corners, xom_butterflies, vehumet_statue,
          mainiacjoe_overflow_alcove_4, mainiacjoe_overflow_large_starburst,
          kennysheep_doodads, uniq_duvessa
Temple:   eino_wide_crystal_templ

Skill      XL: |  1  2  3  4  5  6  7 |
---------------+----------------------+-----
Unarmed Combat | 4 5 6 8 9 |  9.4
Fighting       | |  2.4
Dodging        | |  2.4
Stealth        | |  1.0

Action                   |  1- 3 |  4- 6 |  7- 9 || total
-------------------------+-------+-------+-------++-------
Melee: Unarmed           |    98 |   106 |    39 ||   243
       Punch             |     2 |       |     1 ||     3
Invok: Reject Sacrifices |       |       |     1 ||     1
  Use: Scroll            |       |       |     8 ||     8
 Stab: Sleeping          |     3 |     2 |       ||     5
Armor: Robe              |    29 |    29 |    11 ||    69
Dodge: Dodged            |    52 |    44 |    14 ||   110

Table legend: (Time is in decaauts)
 A = Elapsed time spent in this place.
 B = Non-inter-level travel time spent in this place.
 C = Inter-level travel time spent in this place.
 D = Time resting spent in this place.
 E = Time spent auto-exploring this place.
 F = Levels seen in this place.
 G = Mean time per level.
                   A        B        C        D        E       F      G
               +--------+--------+--------+--------+--------+-----+--------+
         Total |   4273 |   4076 |    197 |     68 |   3384 |   7 |  610.4 |
       Dungeon |   4202 |   4019 |    183 |     68 |   3339 |   6 |  700.3 |
        Temple |     70 |     56 |     14 |      0 |     45 |   1 |   70.0 |
               +--------+--------+--------+--------+--------+-----+--------+

Top non-repeatable levels by time:
     D:5: 894 daAuts
     D:4: 883 daAuts
     D:2: 841 daAuts
     D:1: 787 daAuts
     D:3: 699 daAuts
     D:6: 96 daAuts
  Temple: 70 daAuts
